 Dungeon Crawl Stone Soup version 0.25.1-2-g60ff931df9 (webtiles) character file.

Game seed: 16746360387268661615

16832 Chimkentus the Covert (level 12, -1/85 HPs)
             Began as an Octopode Assassin on Aug 26, 2020.
             Was an Elder of Wu Jian.
             Shot with an arrow by Nessos (23 damage)
             ... on level 12 of the Dungeon on Aug 27, 2020.
             The game lasted 02:19:09 (18723 turns).

Chimkentus the Covert (Octopode Assassin)          Turns: 18723, Time: 02:19:10

Health: -1/85      AC:  1    Str: 12    XL:     12   Next: 41%
Magic:  31/31      EV: 35    Int: 13    God:    Wu Jian [****..]
Gold:   772        SH:  6    Dex: 19    Spells: 6/12 levels left

rFire    . . .     SeeInvis .   H - +11 flail "Blob" {protect, rN+ Str+2}
rCold    . . .     Gourm    .   A - +0 buckler
rNeg     + . .     Faith    .   (helmet restricted)
rPois    .         Spirit   .   l - amulet of the acrobat
rElec    .         Reflect  .   N - ring of magical power
rCorr    +         Harm     .   R - ring of magical power
MR       .....                  f - ring of resist corrosion
Stlth    ++++++....             (no ring)
HPRegen  0.24/turn              (no ring)
MPRegen  0.22/turn              (no ring)
                                (no ring)
                                (no ring)

@: acrobat, very slightly contaminated
A: almost no armour, stealthy swim, amphibious, 8 rings, constrict 8, camouflage
1, gelatinous body 1
a: Wall Jump, Serpent's Lash, Renounce Religion


You were on level 12 of the Dungeon.
You worshipped Wu Jian.
Wu Jian was greatly pleased with you.
You were not hungry.

You visited 2 branches of the dungeon, and saw 13 of its levels.
You also visited: Ossuary.

You collected 772 gold pieces.

Inventory:

Hand Weapons
 q - a +2 short sword of electrocution
 H - the +11 flail "Blob" (weapon) {protect, rN+ Str+2}
   (You found it on level 5 of the Dungeon)

   It grants its wielder temporary protection when it strikes (+7 to AC).
   It affects your strength (+2).
   It protects you from negative energy.
 I - a +2 long sword of protection
 V - a +6 vampiric hand axe
Missiles
 e - a datura-tipped dart
 w - 19 poisoned darts (quivered)
 x - 114 sling bullets
 K - a throwing net
 S - 5 boomerangs
 T - 4 javelins
Armour
 A - a +0 buckler (worn)
Jewellery
 f - a ring of resist corrosion (on tentacle)
 l - an amulet of the acrobat (around mantle)
 y - an uncursed ring of ice
 N - a ring of magical power (left tentacle)
 R - a ring of magical power (right tentacle)
Wands
 Z - a wand of iceblast (2)
Scrolls
 b - 4 scrolls of remove curse
 c - a scroll of enchant weapon {unknown}
 h - 3 scrolls of magic mapping
 m - a scroll of immolation
 n - 6 scrolls of teleportation
 o - a scroll of random uselessness {unknown}
 t - a scroll of blinking {unknown}
 v - 2 scrolls of fear
 C - a scroll of identify
 L - a scroll of amnesia {unknown}
 M - a scroll of enchant armour {unknown}
 U - a scroll of vulnerability {unknown}
 W - a scroll of holy word {unknown}
 X - a scroll of summoning {unknown}
Potions
 a - a potion of haste {unknown}
 g - a potion of cancellation
 i - a potion of invisibility {unknown}
 k - 2 potions of curing
 p - 3 potions of lignification
 r - a potion of brilliance {unknown}
 s - a potion of stabbing {unknown}
 u - 2 potions of resistance
 z - 4 potions of might
 D - 3 potions of magic
 E - a potion of heal wounds
 P - 3 potions of flight {unknown}
Miscellaneous
 O - a lightning rod (inert)
 Y - a tin of tremorstones (3/3)
Comestibles
 d - 17 rations
 j - a chunk of flesh


   Skills:
 * Level 9.3 Fighting
 + Level 4.2(4.7) Short Blades
 + Level 2.9(4.0) Long Blades
 + Level 1.2(5.6) Axes
 + Level 8.8(8.9) Maces & Flails
   Level 5.8(7.5) Slings
 + Level 7.5(8.4) Throwing
 * Level 8.3 Dodging
 + Level 9.7 Stealth
 * Level 4.1 Shields
 + Level 0.9 Spellcasting
 * Level 2.1 Hexes
 + Level 1.2 Evocations


You had 6 spell levels left.
You knew the following spells:

 Your Spells              Type           Power        Failure   Level  Hunger
a - Corona                Hex            #......      12%         1    ##.....
b - Tukima's Dance        Hex            #.......     34%         3    ####...
c - Apportation           Tloc           #.....       28%         1    ##.....
d - Sting                 Tmut/Pois      #...         28%         1    ##.....

Your spell library contained the following spells:

 Spells                   Type           Power        Failure   Level  Hunger
 Animate Skeleton         Necr           N/A          28%         1    ##.....
 Freeze                   Ice            #...         28%         1    ##.....
 Summon Small Mammal      Summ           #...         28%         1    ##.....
 Ensorcelled Hibernation  Hex/Ice        #.....       28%         2    ###....
 Confusing Touch          Hex            #.......     34%         3    ####...
 Poisonous Vapours        Pois/Air       #.....       41%         2    ###....
 Dazzling Flash           Conj/Hex       #.....       50%         3    ####...
 Frozen Ramparts          Ice            #.....       65%         3    ####...
 Ozocubu's Armour         Chrm/Ice       #.......     65%         3    ####...
 Hailstorm                Conj/Ice       #.......     96%         4    #####..
 Summon Ice Beast         Ice/Summ       #.......     96%         4    #####..
 Summon Forest            Summ/Tloc      #.........   100%        5    ######.
 Malign Gateway           Summ/Tloc      #.........   100%        7    #######


Dungeon Overview and Level Annotations

Branches:
Dungeon (12/15)            Temple (1/1) D:6            Lair (0/6) D:11
    Orc (0/2) D:11        Ossuary (visited)

Altars:
Ashenzari
Cheibriados
Dithmenos
Elyvilon
Fedhas
Gozag
Hepliaklqana
Kikubaaqudgha
Makhleb
Nemelex Xobeh
Okawaru
Qazlal
Ru
Sif Muna
Trog
Uskayaw
Vehumet
Wu Jian
Xom
Yredelemnul
Zin
The Shining One

Annotations:
D:12 Nessos


Innate Abilities, Weirdness & Mutations

You cannot wear most types of armour.
You are very stealthy in the water. (Stealth+)
You are amphibious.
You can wear up to eight rings at the same time.
You can use your tentacles to constrict eight enemies at once.
Your skin changes colour to match your surroundings (Stealth+).
Your rubbery body absorbs attacks. (AC +1, EV +1)


Message History

You throw a poisoned dart. The poisoned dart hits Nessos!
Nessos is poisoned.
Nessos is severely wounded.
Nessos blinks! x2
Throwing (i - inventory. (/) - cycle)
w - 20 poisoned darts (quivered)
Press: ? - help, Shift-Dir - straight line, f/p - Nessos
Aim: Nessos, wielding a +3 longbow of flaming, wearing a +0 centaur barding, quivering 21 arrows and carrying a wand of acid (5) (severely wounded, fast, very poisoned)
You throw a poisoned dart. The poisoned dart hits Nessos.
Nessos looks even sicker.
Nessos is severely wounded.
Nessos shoots an arrow.
The arrow hits you!!
* * * LOW HITPOINT WARNING * * *
The arrow burns you!
You are lethally poisoned!
* * * LOW HITPOINT WARNING * * *
You feel better.
Nessos shoots an arrow.
The arrow barely misses you.
Nessos blinks!
You can't go up here!
Nessos stands on their hind legs for a moment.
Nessos blinks!
Nessos shoots an arrow.
The arrow hits you!!
You die...

#..o....yy.
#.........y
#.........y
#.y############
##'##.........# ..
#o..#.........#
...#...#.........#
...#...'.......((#
...#####......))@#
##........(......#
.#.....)...(.....#
.#..........)....#
.#.......§§.)....#
.'...............#
##.......§.....c.#
...###'###########
...#.....#.(....#


You could see Nessos (fast, very poisoned).

Vanquished Creatures
  Erica (D:10)
  A two-headed ogre (D:11)
  A centaur warrior (D:10)
  Urug (D:10)
  A deep elf knight (D:10)
  An orc knight (D:10)
  A cyclops (D:11)
  A manticore (D:12)
  Joseph (D:10)
  A gargoyle (D:10)
  A kobold demonologist (D:12)
  A komodo dragon (D:12)
  3 trolls
  A hornet (D:8)
  A hippogriff (D:7)
  A spriggan (D:7)
  2 wraiths (D:7)
  4 yaks
  2 wyverns
  2 hungry ghosts
  Grum (D:9)
  6 orc warriors
  A water moccasin (D:10)
  5 sky beasts
  4 ice beasts
  4 centaurs
  2 eyes of draining
  3 necrophages
  7 wolves
  7 ogres
  An elf zombie (Ossuary)
  A big kobold (D:12)
  A crocodile (D:9)
  An elf skeleton (D:7)
  12 bullfrogs
  A gnoll sergeant (D:5)
  A wyvern skeleton (D:7)
  2 scorpions (D:8)
  17 wights
  A killer bee (D:12)
  A howler monkey (D:5)
  7 electric eels
  3 bullfrog zombies
  A centaur zombie (Ossuary)
  2 jellies
  6 crimson imps
  3 human zombies
  9 orc priests
  10 hounds
  4 bullfrog skeletons
  16 orc wizards
  2 centaur skeletons
  A human skeleton (D:7)
  5 iguanas
  13 worker ants
  A big kobold zombie (Ossuary)
  A hound zombie (D:8)
  3 hound skeletons
  4 mummies
  2 worker ant zombies (D:11)
  A howler monkey zombie (D:6)
  Robin (D:4)
  8 gnolls
  15 adders
  2 shadow imps
  2 oozes
  4 adder zombies
  2 adder skeletons
  2 worms
  6 dart slugs
  5 leopard geckos
  50 orcs
  6 giant cockroaches
  14 goblins
  5 hobgoblins
  9 jackals
  13 kobolds
  6 quokkas
  5 bats
  7 frilled lizards
  A giant cockroach zombie (D:6)
  A goblin zombie (Ossuary)
  11 hobgoblin zombies (Ossuary)
  3 jackal zombies (Ossuary)
  8 kobold zombies (Ossuary)
  6 orc zombies (Ossuary)
  7 rats
  A rat zombie (Ossuary)
401 creatures vanquished.

Vanquished Creatures (others)
  An adder (D:11)
1 creature vanquished.

Grand Total: 402 creatures vanquished

Notes
Turn   | Place    | Note
-------+----------+-------------------------------------------
     0 | D:1      | Chimkentus the Octopode Assassin began the quest for the
                  | Orb.
     0 | D:1      | Reached XP level 1. HP: 14/14 MP: 1/1
   261 | D:1      | Reached XP level 2. HP: 14/19 MP: 2/2
   797 | D:1      | Found a snail-covered altar of Cheibriados.
   828 | D:1      | Reached XP level 3. HP: 22/25 MP: 3/3
  1135 | D:2      | Found a hide-covered altar of Uskayaw.
  1621 | D:2      | Reached XP level 4. HP: 30/30 MP: 4/4
  2702 | D:3      | Reached XP level 5. HP: 36/36 MP: 5/5
  3589 | D:4      | Noticed Robin
  3689 | D:4      | Killed Robin
  3697 | D:4      | Reached XP level 6. HP: 27/42 MP: 6/6
  4400 | D:4      | Found an ancient bone altar of Kikubaaqudgha.
  4400 | D:4      | Found a burning altar of Makhleb.
  4486 | D:5      | Entered Level 5 of the Dungeon
  4498 | D:5      | Found a sand-covered staircase.
  4504 | Ossuary  | Entered an ossuary
  4824 | Ossuary  | Reached skill level 1 in Slings
  5016 | Ossuary  | Reached XP level 7. HP: 35/47 MP: 7/7
  5306 | Ossuary  | Reached skill level 1 in Long Blades
  5483 | D:5      | Found a radiant altar of Vehumet.
  5489 | D:5      | Got a crude flail
  5501 | D:5      | Reached skill level 1 in Axes
  6062 | D:4      | Identified the +11 flail "Blob" {protect, rN+ Str+2} (You
                  | found it on level 5 of the Dungeon)
  6314 | D:5      | Reached XP level 8. HP: 54/54 MP: 8/8
  6378 | D:5      | Found a basalt altar of Yredelemnul.
  6570 | D:5      | Found a stormy altar of Qazlal.
  6614 | D:5      | Reached skill level 1 in Maces & Flails
  6986 | D:5      | Reached skill level 5 in Fighting
  6986 | D:5      | Reached skill level 5 in Dodging
  7632 | D:6      | Reached skill level 5 in Throwing
  7633 | D:6      | Reached XP level 9. HP: 61/61 MP: 9/9
  8565 | D:6      | Found a staircase to the Ecumenical Temple.
  8574 | Temple   | Entered the Ecumenical Temple
  8899 | Temple   | Became a worshipper of the Wu Jian Council
  9565 | D:7      | Noticed an orc sorcerer
  9609 | D:7      | Found a shattered altar of Ashenzari.
  9827 | D:7      | Found a hazy altar of Hepliaklqana.
 10019 | D:7      | Found an opulent altar of Gozag.
 10079 | D:7      | Found a glowing golden altar of the Shining One.
 10126 | D:7      | Found a basalt altar of Yredelemnul.
 10150 | D:7      | Reached XP level 10. HP: 63/69 MP: 10/10
 10207 | D:7      | Reached skill level 5 in Maces & Flails
 10271 | D:7      | Reached * piety under Wu Jian
 10621 | D:8      | Found a transporter.
 10675 | D:8      | Found an opulent altar of Gozag.
 10724 | D:8      | Found a transporter.
 11121 | D:8      | Reached skill level 5 in Slings
 11610 | D:8      | Reached ** piety under Wu Jian
 12283 | D:9      | Noticed Grum
 12807 | D:9      | Found a white marble altar of Elyvilon.
 13086 | D:9      | Killed Grum
 13183 | D:10     | Entered Level 10 of the Dungeon
 13246 | D:10     | Reached XP level 11. HP: 71/77 MP: 11/11
 13282 | D:10     | Noticed a deep elf knight
 13797 | D:10     | Noticed a centaur warrior
 13800 | D:10     | Found a basalt altar of Yredelemnul.
 13800 | D:10     | Killed a centaur warrior
 13801 | D:10     | Found a burning altar of Makhleb.
 13802 | D:10     | Found a hide-covered altar of Uskayaw.
 13802 | D:10     | Found a hide-covered altar of Uskayaw.
 13849 | D:10     | Reached *** piety under Wu Jian
 13946 | D:10     | Noticed Erica
 13949 | D:10     | Killed a deep elf knight
 14147 | D:10     | Noticed an orc knight
 14422 | D:11     | Noticed a two-headed ogre
 14593 | D:12     | Reached skill level 1 in Shields
 14673 | D:12     | Noticed a manticore
 15042 | D:11     | Found a staircase to the Orcish Mines.
 15306 | D:11     | Noticed a cyclops
 15565 | D:11     | Reached **** piety under Wu Jian
 15734 | D:11     | Killed a two-headed ogre
 15826 | D:11     | Found a staircase to the Lair.
 15891 | D:10     | Killed an orc knight
 15901 | D:10     | Noticed a +4 double sword
 15902 | D:10     | Noticed Urug
 16062 | D:10     | Noticed a five-headed hydra
 16185 | D:10     | Identified the Compendium of Unstable Venom
 16206 | D:10     | Learned a level 1 spell: Corona
 16210 | D:10     | Learned a level 3 spell: Tukima's Dance
 16212 | D:10     | Learned a level 1 spell: Apportation
 16228 | D:10     | Reached XP level 12. HP: 85/85 MP: 12/12
 16414 | D:10     | HP: 1/85 [orc priest/nerve-wracking pain (12)]
 16800 | D:10     | Noticed Joseph
 16977 | D:10     | Killed Erica
 17157 | D:10     | Learned a level 1 spell: Sting
 17259 | D:10     | Killed Urug
 17259 | D:10     | Reached skill level 1 in Hexes
 17506 | D:10     | Killed Joseph
 18333 | D:12     | Reached skill level 1 in Evocations
 18694 | D:12     | Noticed Nessos
 18723 | D:12     | Shot with an arrow by Nessos

Illustrated notes

Levels and vault maps discovered:
D:1:      dpeg_arrival_rooms_a, layout_loops_ring, serial_forest,
          infiniplex_forest_clump_tiny, infiniplex_forest_clump_small,
          infiniplex_forest_corner_1, infiniplex_forest_straight_2,
          infiniplex_forest_straight_2, infiniplex_forest_corner_1,
          infiniplex_forest_lined_room_2, cheibriados_altar_1
D:2:      layout_basic, lemuel_crystal_altar, minmay_box_of_dots
D:3:      layout_rooms, first_ration
D:4:      layout_loops_cross, gammafunk_temple_overflow_wave, uniq_robin
D:5:      layout_rooms, lemuel_round_altar, marbit_many_paths,
          lemuel_coloured_pillars_altar, lightli_ossuary_entry_decrepit_ruins,
          minmay_chambers_of_fives
D:6:      layout_layer_cave, temple_hall
D:7:      cheibrodos_wizards_tower, layout_gridville,
          cheibrodos_ashenzari_chains, tso_metal_star, hangedman_feature_mirror,
          the_bakery, lemuel_mausoleum_altar_yredelemnul
D:8:      gammafunk_steamed_eel, layout_basic, grunt_gozag_statues
D:9:      layout_big_octagon, elyvilon_altar_1, uniq_grum
D:10:     minmay_the_grid_octo_tiled_squarecenter
          [minmay_the_grid_octo_concentric, minmay_the_grid_octo_checkerflower,
          minmay_the_grid_octo_shrine, minmay_the_grid_octo_clover_2,
          minmay_the_grid_square_5x5_megaprize_crossed,
          minmay_the_grid_square_5x5_empty,
          minmay_the_grid_square_5x5_eight_small,
          minmay_the_grid_square_5x5_slash, minmay_the_grid_square_5x5_minibox],
          layout_irregular_city, glass_columns_a, sword_in_stone, uniq_joseph
D:11:     layout_loops_ring, erik_lair_island, david_orc_3
D:12:     layout_gridville, minivault_13, uniq_nessos
Temple:   minmay_temple_forest_path

Skill      XL: |  1  2  3  4  5  6  7  8  9 10 11 12 |
---------------+-------------------------------------+-----
Dodging        | 2 3 4 5 6 7 8 |  8.3
Fighting       | 3 4 5 6 7 9 |  9.3
Short Blades   | 3 4 |  4.2
Throwing       | 3 4 5 6 7 |  7.5
Slings         | 1 2 3 4 5 |  5.8
Long Blades    | 2 |  2.9
Axes           | 1 |  1.2
Maces & Flails | 3 4 6 8 |  8.8
Stealth        | 6 9 |  9.7
Shields        | 3 4 |  4.1
Hexes          | 2 |  2.1
Evocations     | 1 |  1.2
Spellcasting   | |  0.9

Action                   |  1- 3 |  4- 6 |  7- 9 | 10-12 || total
-------------------------+-------+-------+-------+-------++-------
Melee: Dagger            |    59 |    95 |    24 |    30 ||   208
       Constrict         |     9 |    33 |    46 |    83 ||   171
       Tentacles         |     6 |    25 |    39 |    91 ||   161
       Long sword        |       |    22 |    45 |       ||    67
       Hand axe          |       |     7 |       |       ||     7
       Flail             |       |       |   124 |   386 ||   510
       Short sword       |       |       |       |     9 ||     9
 Fire: Hunting sling     |       |    53 |    82 |    52 ||   187
Throw: Dart              |    16 |    59 |    61 |   141 ||   277
       Stone             |       |       |     6 |       ||     6
       Throwing net      |       |       |       |     1 ||     1
       Boomerang         |       |       |       |    36 ||    36
 Cast: Corona            |       |       |       |     5 ||     5
Invok: Lunge             |       |       |     8 |    57 ||    65
       Whirlwind         |       |       |       |    31 ||    31
       Serpent's Lash    |       |       |       |     1 ||     1
 Abil: Wall Jump         |       |       |       |    31 ||    31
Evoke: Wand              |       |       |       |    14 ||    14
       Box of beasts     |       |       |       |     1 ||     1
       Lightning rod     |       |       |       |     5 ||     5
  Use: Potion            |       |     1 |     1 |     6 ||     8
       Scroll            |       |     5 |     5 |     6 ||    16
 Stab: Sleeping          |    14 |    12 |    14 |    34 ||    74
       Invisible         |       |       |     3 |     9 ||    12
       Distracted        |       |       |       |     4 ||     4
  Eat: Chunk             |     2 |     9 |    11 |    24 ||    46
       Ration            |       |       |     2 |     1 ||     3
Armor: Skin              |     4 |     5 |    36 |    40 ||    85
Dodge: Dodged            |    34 |    99 |   130 |   280 ||   543
Block: Buckler           |       |       |       |    29 ||    29
       Rpst.: Long sword |       |     3 |    13 |       ||    16
